 Dungeon Crawl Stone Soup version 0.22.1-5-g62c59d9 (webtiles) character file.

122 slartie the Cudgeler (level 4, 0/61 HPs)
             Began as a Minotaur Berserker on Jan 9, 2019.
             Was a Believer of Trog.
             Succumbed to a goblin's poison
             ... on level 2 of the Dungeon.
             The game lasted 00:04:20 (1357 turns).

slartie the Cudgeler (Minotaur Berserker)           Turns: 1357, Time: 00:04:20

Health: 0/61       AC:  5    Str: 26    XL:     4   Next: 78%
Magic:  3/3        EV: 12    Int:  4    God:    Trog [**....]
Gold:   26         SH:  0    Dex: 11    Spells: 3/3 levels left

rFire    . . .     SeeInvis .   a - +0 mace
rCold    . . .     Gourm    .   (no shield)
rNeg     . . .     Faith    .   p - +0 ring mail
rPois    .         Spirit   .   (helmet restricted)
rElec    .         Reflect  .   (no cloak)
rCorr    .         Harm     .   (no gloves)
MR       .....                  (no boots)
Stlth    ..........             (no amulet)
HPRegen  0.20/turn              (no ring)
MPRegen  0.08/turn              (no ring)

@: berserking (expiring), lethally poisoned (0 -> -3), very quick
A: retaliatory headbutt, horns 2
a: Berserk, Trog's Hand, Renounce Religion


You were on level 2 of the Dungeon.
You worshipped Trog.
Trog was pleased with you.
You were very hungry.

You visited 1 branch of the dungeon, and saw 2 of its levels.

You collected 26 gold pieces.

Inventory:

Hand Weapons
 a - a +0 mace (weapon)
Missiles
 e - 90 stones (quivered)
 g - 29 poisoned needles
Armour
 b - a +0 animal skin
 p - a +0 ring mail (worn)
Jewellery
 l - a +1 ring of slaying {unknown}
 m - a cursed amulet of inaccuracy {unknown}
Scrolls
 d - 2 scrolls of remove curse {unknown}
 i - a scroll of amnesia {unknown}
 j - 2 scrolls of blinking {unknown}
 o - a scroll of magic mapping {unknown}
Potions
 f - a potion of might {unknown}
 h - a potion of curing {unknown}
 n - a potion of agility {unknown}
Comestibles
 c - 2 rations
 k - 4 chunks of flesh


   Skills:
 + Level 4.9 Fighting
 + Level 5.1 Maces & Flails
 + Level 2.7 Armour
 + Level 3.0 Dodging


You had 3 spell levels left.
You didn't know any spells.
Your spell library was empty.

Dungeon Overview and Level Annotations

Branches:
Dungeon (2/15)

Altars:
Dithmenos


Innate Abilities, Weirdness & Mutations

You reflexively headbutt those who attack you in melee.
You have a pair of horns on your head.


Message History

You sock the hobgoblin!
You kill the hobgoblin!
Trog accepts your kill.
You feel sick. Robin hits you but does no damage.
Things that are here:
a scroll labeled VIROUPHAEGH; a goblin corpse You sock Robin!
Your headbutt misses Robin.
Robin is severely wounded.
You feel sick. Robin hits you but does no damage.
You sock Robin!
You kill Robin!
Trog accepts your kill. The hobgoblin hits you with a club!
* * * LOW HITPOINT WARNING * * *
Items here: ) / [[ a spear; an animal skin; a helmet; a wand of random effects (32)
You sock the hobgoblin!
You kill the hobgoblin!
Trog accepts your kill.
You die...

########........
#...........#<## ###
#...........#.# ...
#...........#†# #..
..#...........#.#
#.##.........###.#)#
...######.......#÷#
#.)# ###.[...#.#
#@## #.......## #?)#
#.#....... ##.##
#..#.......
####()####.###......
#...(....#.# #......
#####......####..†..
#................
#.......###......
#................


There were no monsters in sight!

Vanquished Creatures
  Robin (D:2)
  3 gnolls (D:2)
  2 adders (D:2)
  A worm (D:2)
  2 dart slugs (D:2)
  2 leopard geckos (D:1)
  A giant cockroach (D:2)
  8 goblins
  11 hobgoblins
  7 jackals
  3 kobolds
  A quokka (D:2)
  3 bats
  3 frilled lizards
  7 rats
  A plant (D:1)
56 creatures vanquished.

Notes
Turn   | Place    | Note
-------+----------+-------------------------------------------
     0 | D:1      | slartie the Minotaur Berserker began the quest for the Orb.
     0 | D:1      | Reached XP level 1. HP: 19/19 MP: 0/0
   377 | D:1      | Reached skill level 4 in Maces & Flails
   377 | D:1      | Reached XP level 2. HP: 8/27 MP: 1/1
  1132 | D:2      | Reached XP level 3. HP: 31/34 MP: 2/2
  1143 | D:2      | Reached ** piety under Trog
  1147 | D:2      | Found a shadowy altar of Dithmenos.
  1168 | D:2      | Reached XP level 4. HP: 19/41 MP: 3/3
  1338 | D:2      | Noticed Robin
  1341 | D:2      | Reached skill level 5 in Maces & Flails
  1355 | D:2      | Killed Robin
  1356 | D:2      | HP: 1/61 [hobgoblin/club[Robin] (7)]
  1357 | D:2      | Succumbed to a goblin's poison

Skill      XL: |  1  2  3  4 |
---------------+-------------+-----
Maces & Flails | 4 5 |  5.1
Fighting       | 4 |  4.9
Dodging        | 3 |  3.0
Armour         | |  2.7

Action                   |  1- 3 |  4- 6 || total
-------------------------+-------+-------++-------
Melee: Mace              |    89 |    41 ||   130
       Headbutt          |    16 |     4 ||    20
Invok: Berserk           |       |     1 ||     1
  Eat: Chunk             |       |     1 ||     1
Armor: Animal skin       |     5 |     5 ||    10
       Ring mail         |       |     8 ||     8
Dodge: Dodged            |    39 |    30 ||    69
